 Dungeon Crawl Stone Soup version 0.32-a0-768-g0f6f1dd4b9 (webtiles) character file.

Game seed: 8122974458665491391

6574 Rohain the Covert (level 10, 0/50 HPs)
             Began as a Vampire Enchanter on Mar 19, 2024.
             Was a Priest of Dithmenos.
             Slain by a vampire mosquito (8 damage)
             ... on level 10 of the Dungeon.
             The game lasted 00:20:36 (8047 turns).

Rohain the Covert (Vampire Enchanter)               Turns: 8047, Time: 00:20:36

Health: 0/50       AC:  4    Str: 12    XL:     10   Next: 70%
Magic:  10/18      EV: 17    Int: 20    God:    Dithmenos [***...]
Gold:   511        SH:  0    Dex: 23    Spells: 12/20 levels left

rFire   + + .        a - +2 dagger (freeze)
rCold   + + +        (no shield)
rNeg    + + +        d - +1 robe {rC+ rF+}
rPois   ∞            (no helmet)
rElec   .            C - scarf of the Glamorous God {rC+ rF+, Str+2}
rCorr   +            (no gloves)
SInv    +            A - +0 pair of boots
Will    ++...        (no amulet) Stlth *+++++++++
                     m - +6 ring of dexterity
HPRegen 0.00/turn    y - ring of Doneph {Will+ rCorr Str+3}
MPRegen 0.16/turn

%: no passive effects
@: confusing by touch, bloodless, inhibited regen, wreathed by umbra
A: bloodless, fangs 3, see invisible, vampiric 2
a: Bat Form, Revivify, Renounce Religion, Shadow Step


You were on level 10 of the Dungeon.
You worshipped Dithmenos.
Dithmenos was most pleased with you.
You visited 2 branches of the dungeon, and saw 11 of its levels.

You collected 511 gold pieces.

Inventory:

Hand Weapons
 a - a +2 dagger of freezing (weapon)
Armour
 b - a +0 robe
 d - a +1 robe of resistance (worn)
 i - a +0 leather armour of fire resistance
 A - a +0 pair of boots (worn)
 C - the scarf of the Glamorous God (worn) {rC+ rF+, Str+2}
   (You found it on level 6 of the Dungeon)

   Str+2:     It affects your strength (+2).
Jewellery
 m - a +6 ring of dexterity (left hand)
 r - an amulet of faith
 w - a +6 ring of strength
 y - the ring of Doneph (right hand) {Will+ rCorr Str+3}
   (You acquired it on level 5 of the Dungeon)

   [ring of resist corrosion]

   Str+3:     It affects your strength (+3).
   Will+:     It increases your willpower.
   rCorr:     It protects you from acid and corrosion.
 z - a ring of poison resistance
Wands
 u - a wand of paralysis (5)
 x - a wand of warping (10)
 E - a wand of flame (29)
Scrolls
 g - a scroll of brand weapon
 k - 4 scrolls of teleportation
 q - 2 scrolls of vulnerability
 D - a scroll of torment
 G - a scroll of immolation
Potions
 e - 3 potions of might
 f - 3 potions of ambrosia
 h - 2 potions of magic
 j - 4 potions of haste
 l - a potion of lignification
 n - a potion of mutation {unknown}
 o - a potion of curing {unknown}
 p - a potion of resistance
 s - a potion of attraction
 t - a potion of heal wounds
 v - a potion of berserk rage {unknown}
 B - a potion of brilliance {unknown}


   Skills:
 + Level 7.0 Short Blades
 + Level 7.3 Dodging
 * Level 14.0 Stealth
 + Level 5.9 Spellcasting
 + Level 9.7 Hexes
 + Level 5.8 Ice Magic


You had 12 spell levels left.
You knew the following spells:

 Your Spells              Type           Power      Damage    Failure   Level
a - Ensorcelled Hibernat  Hex/Ice        74%        N/A       1%          2
b - Tukima's Dance        Hex            45%        N/A       1%          3
c - Confusing Touch       Hex            45%        N/A       1%          3

Your spell library contained the following spells:

 Spells                   Type           Power      Damage    Failure   Level
 Dazzling Flash           Conj/Hex       50%        N/A       4%          3
 Kiss of Death            Conj/Necr      20%        2d7       11%         1
 Dimensional Bullseye     Hex/Tloc       12%        N/A       14%         4
 Blink                    Tloc           10%        N/A       16%         2
 Lesser Beckoning         Tloc           10%        N/A       16%         2
 Momentum Strike          Conj/Tloc      10%        3d8       16%         2
 Passwall                 Erth           5%         N/A       32%         3
 Swiftness                Air            5%         N/A       32%         3
 Dispel Undead            Necr           5%         3d7       71%         4
 Iskenderun's Mystic Bla  Conj/Tloc      5%         2d3       71%         4


Dungeon Overview and Level Annotations

Branches:
Dungeon (10/15)            Temple (1/1) D:5
   Lair: D:8-11         Orc: D:9-12

Altars:
Ashenzari
Cheibriados
Dithmenos
Fedhas
Gozag
Kikubaaqudgha
Makhleb
Nemelex Xobeh
Okawaru
Qazlal
Ru
Sif Muna
Trog
Uskayaw
Vehumet
Wu Jian
Xom

Shops:
D:2 (   D:6 (


Innate Abilities, Weirdness & Mutations

You do not regenerate when monsters are visible.
You are frail without blood (-20% HP).
You can heal yourself when you bite living creatures.
You are immune to poison.
You have razor-sharp teeth.
You have supernaturally acute eyesight. (SInv)
You are afflicted with vampirism and can become a bat while bloodless.


Message History

Okay, then.
Casting: Tukima's Dance (safe; 1% risk of failure)
Confirm with . or Enter, or press ? or * to list all spells.
Your hands begin to glow red.
The vampire mosquito bites you.
The vampire mosquito barely misses you. x2
You miss the vampire mosquito. The vampire mosquito misses you.
The vampire mosquito barely misses you. The vampire mosquito misses you.
You hit the vampire mosquito but do no damage.
The vampire mosquito appears confused.
Your bite misses the vampire mosquito. The vampire mosquito misses you.
Casting: Confusing Touch (safe; 1% risk of failure)
Confirm with . or Enter, or press ? or * to list all spells.
Your hands begin to glow red.
The vampire mosquito closely misses you.
The vampire mosquito misses you.
You miss the vampire mosquito.
The vampire mosquito is moderately damaged.
The vampire mosquito barely misses you. x2
You catch the helpless vampire mosquito completely off-guard!
You hit the vampire mosquito but do no damage.
The vampire mosquito appears confused.
The vampire mosquito completely misses you.
The vampire mosquito closely misses you.
You hit the vampire mosquito. You freeze the vampire mosquito.
The vampire mosquito is heavily damaged.
The vampire mosquito closely misses the vampire mosquito.
The vampire mosquito bites you!
* * * LOW HITPOINT WARNING * * *
You barely miss the vampire mosquito.
The vampire mosquito is heavily damaged.
The vampire mosquito barely misses you.
You miss the vampire mosquito.
The vampire mosquito is heavily damaged.
The vampire mosquito barely misses you. The vampire mosquito bites you.
* * * LOW HITPOINT WARNING * * *
Casting: Confusing Touch (safe; 1% risk of failure)
Confirm with . or Enter, or press ? or * to list all spells.
Your hands begin to glow red.
The vampire mosquito misses you. The vampire mosquito bites you!
You die...

###### ......
#### ......###..#
...........#
...........######
#....y....$.....
#....y@.<...#
#.......#####
#..>....#
#.......#
#........
#........#
#........#
.........#


You could see 2 vampire mosquitoes.

Vanquished Creatures
  Pikel (D:6)
  Joseph (D:8)
  2 hornets
  Sigmund (D:5)
  A vampire (D:9)
  8 yaks
  Grum (D:8)
  2 chaos spawn
  A vampire mosquito (D:10)
  A water moccasin (D:6)
  3 orc warriors
  3 ice beasts
  2 sky beasts
  4 wolves (D:8)
  2 ogres (D:5)
  A lemure (D:6)
  A kobold brigand (D:7)
  5 bullfrogs
  4 scorpions
  3 wights
  5 electric eels (D:8)
  A howler monkey (D:9)
  A bombardier beetle (D:3)
  2 hounds
  An orc priest (D:9)
  2 jellies
  Terence (D:2)
  6 orc wizards
  An iguana (D:5)
  2 sleepcaps
  10 adders
  8 ufetubi
  A dart slug (D:4)
  17 orcs
  4 ball pythons
  11 endoplasms
  6 giant cockroaches
  4 goblins
  5 hobgoblins
  9 jackals
  8 kobolds
  5 quokkas
  7 bats
  A frilled lizard (D:3)
  6 rats
171 creatures vanquished.

Vanquished Creatures (collateral kills)
  Psyche (D:8)
  6 wights
7 creatures vanquished.

Vanquished Creatures (others)
  A kobold (D:7)
1 creature vanquished.

Grand Total: 179 creatures vanquished

Notes
Turn   | Place    | Note
-------+----------+-------------------------------------------
     0 | D:1      | Rohain the Vampire Enchanter began the quest for the Orb.
     0 | D:1      | Reached XP level 1. HP: 13/13 MP: 3/3
   144 | D:1      | Reached XP level 2. HP: 15/15 MP: 5/5
   264 | D:1      | Reached skill level 5 in Stealth
   657 | D:2      | Gained mutation: You are afflicted with vampirism and can
                  | become a bat while bloodless. [Vampire growth]
   657 | D:2      | Reached XP level 3. HP: 19/19 MP: 6/6
   660 | D:2      | Learned a level 2 spell: Ensorcelled Hibernation
   870 | D:2      | Noticed Terence
  1004 | D:2      | Killed Terence
  1005 | D:2      | Reached XP level 4. HP: 18/24 MP: 0/7
  1117 | D:2      | Found Sein's Antique Weapon Boutique.
  1513 | D:3      | Reached skill level 6 in Stealth
  1565 | D:3      | Reached skill level 5 in Hexes
  1651 | D:3      | Reached XP level 5. HP: 28/28 MP: 8/8
  1723 | D:3      | Reached skill level 1 in Ice Magic
  1799 | D:3      | Learned a level 3 spell: Tukima's Dance
  2970 | D:4      | Identified the +3 rapier "Saumnem" {distort, rF++}
  3033 | D:5      | Entered Level 5 of the Dungeon
  3097 | D:5      | Found a staircase to the Ecumenical Temple.
  3110 | Temple   | Entered the Ecumenical Temple
  3122 | Temple   | Became a worshipper of Dithmenos the Shadowed
  3138 | D:5      | Noticed an ogre
  3140 | D:5      | Killed an ogre
  3141 | D:5      | Reached skill level 7 in Stealth
  3141 | D:5      | Reached XP level 6. HP: 32/32 MP: 10/10
  3179 | D:5      | Noticed Sigmund
  3195 | D:5      | Killed Sigmund
  3196 | D:5      | Reached XP level 7. HP: 36/36 MP: 11/11
  3335 | D:5      | Reached skill level 8 in Stealth
  3447 | D:5      | Identified a scroll of acquirement
  3447 | D:5      | Acquired the ring of Doneph {Will+ rCorr Str+3}
  3860 | D:6      | Reached * piety under Dithmenos
  3906 | D:6      | Learned a level 3 spell: Confusing Touch
  3934 | D:6      | Found a burning altar of Makhleb.
  3976 | D:6      | Noticed Pikel
  4125 | D:6      | Killed Pikel
  4126 | D:6      | Reached skill level 9 in Stealth
  4126 | D:6      | Reached XP level 8. HP: 41/41 MP: 10/13
  4168 | D:6      | Found Gonlo's Antique Weapon Shop.
  4236 | D:6      | Reached skill level 5 in Dodging
  4236 | D:6      | Reached skill level 10 in Stealth
  4413 | D:6      | Identified the scarf of the Glamorous God {rC+ rF+, Str+2}
  4847 | D:7      | Noticed a hornet
  4853 | D:7      | Killed a hornet
  4854 | D:7      | Reached skill level 5 in Short Blades
  4854 | D:7      | Reached XP level 9. HP: 27/45 MP: 10/15
  4992 | D:7      | Found a hide-covered altar of Uskayaw.
  5073 | D:6      | Reached skill level 11 in Stealth
  5839 | D:8      | Reached ** piety under Dithmenos
  5880 | D:8      | Noticed Psyche
  5903 | D:8      | Killed Psyche
  5904 | D:8      | Reached skill level 12 in Stealth
  5904 | D:8      | Reached skill level 5 in Spellcasting
  6232 | D:8      | Reached skill level 5 in Ice Magic
  6247 | D:8      | Identified the +0 chain mail of the Evening {rN+ Str+3
                  | Dex+2}
  6253 | D:8      | Noticed Joseph
  6269 | D:8      | Killed Joseph
  6270 | D:8      | Reached XP level 10. HP: 31/50 MP: 7/17
  6353 | D:8      | Noticed Grum
  6450 | D:8      | Reached skill level 13 in Stealth
  6525 | D:8      | Killed Grum
  7474 | D:9      | Found a shimmering altar of Xom.
  7474 | D:9      | Found the +7 mace of Variability {chaos, chaos arc}
  7866 | D:8      | Reached *** piety under Dithmenos
  7867 | D:8      | Reached skill level 14 in Stealth
  8025 | D:10     | Entered Level 10 of the Dungeon
  8047 | D:10     | Slain by a vampire mosquito

Illustrated notes

Levels and vault maps discovered:
D:1:      lightli_arrival_boilingwater, layout_rooms
D:2:      layout_loops_ring, serial_shops, nicolae_shop_behind_doors,
          uniq_terence
D:3:      layout_loops_ring, kennysheep_generic_room_12
D:4:      layout_basic, nicolae_overflow_hidden_temple
D:5:      layout_cave_pods, minmay_temple_entry_tees, uniq_sigmund
D:6:      layout_basic, mainiacjoe_overflow_small_starburst, serial_shops,
          shop_statue, uniq_pikel
D:7:      layout_cave_pools, eat_drink_and_be_merry_uskayaw,
          serial_column_ruins, column_ruins_hut, column_ruins_open_medium,
          column_ruins_open_small, column_ruins_open_large, column_ruins_grid_1
D:8:      layout_rooms, chequers_big_river, uniq_joseph, uniq_psyche, uniq_grum
D:9:      layout_big_octagon, glass_columns_b, minmay_guarded_unrand_variability
D:10:     layout_irregular_city, nicolae_hepliaklqana_hippocampus,
          lair_entry_dummy, kennysheep_orc_monster_closet_entryway,
          minmay_nine_imps, uniq_snorg
Temple:   nicolae_temple_bog_church

Skill      XL: |  1  2  3  4  5  6  7  8  9 10 |
---------------+-------------------------------+-----
Stealth        | 5 6 7 9 10 12 14 | 14.0
Short Blades   | 2 3 4 5 6 7 |  7.0
Hexes          | 5 6 7 8 9 |  9.7
Dodging        | 3 4 5 6 7 |  7.3
Ice Magic      | 1 2 3 5 |  5.8
Spellcasting   | 3 4 5 |  5.9

Action                     |  1- 3 |  4- 6 |  7- 9 | 10-12 || total
---------------------------+-------+-------+-------+-------++-------
  Melee: Dagger            |    71 |    94 |   219 |    93 ||   477
         Bite              |     4 |     8 |    34 |    18 ||    64
   Cast: Ensorcelled Hiber |     6 |     4 |    14 |    19 ||    43
         Tukima's Dance    |       |       |    13 |       ||    13
         Confusing Touch   |       |       |     4 |     6 ||    10
Ability: Exsanguinate      |     1 |       |       |       ||     1
    Use: Scroll            |     4 |     5 |     4 |     8 ||    21
         Potion            |     1 |       |       |     2 ||     3
   Stab: Sleeping          |    20 |    24 |    37 |    16 ||    97
         Confused          |       |       |     3 |     2 ||     5
         Distracted        |       |       |     2 |     1 ||     3
         Invisible         |       |       |       |     1 ||     1
 Armour: Robe              |    33 |    48 |    84 |    48 ||   213
  Dodge: Dodged            |    40 |    65 |   186 |    88 ||   379

Table legend: (Time is in decaauts)
 A = Elapsed time spent in this place.
 B = Non-inter-level travel time spent in this place.
 C = Inter-level travel time spent in this place.
 D = Time resting spent in this place.
 E = Time spent auto-exploring this place.
 F = Levels seen in this place.
 G = Mean time per level.
                   A        B        C        D        E       F      G
               +--------+--------+--------+--------+--------+-----+--------+
         Total |   7940 |   7711 |    229 |   1245 |   4646 |  11 |  721.8 |
       Dungeon |   7919 |   7699 |    220 |   1245 |   4646 |  10 |  791.9 |
        Temple |     21 |     12 |      9 |      0 |      0 |   1 |   21.0 |
               +--------+--------+--------+--------+--------+-----+--------+

Top non-repeatable levels by time:
     D:8: 1498 daAuts
     D:6: 1228 daAuts
     D:2: 889 daAuts
     D:4: 879 daAuts
     D:5: 766 daAuts
     D:3: 750 daAuts
     D:7: 700 daAuts
     D:9: 688 daAuts
     D:1: 502 daAuts
  Temple: 21 daAuts
    D:10: 15 daAuts
